 Dungeon Crawl Stone Soup version 0.19-a0-328-g3707654 (webtiles) character file.

79 Lathuz the Cudgeler (level 4, 0/28 HPs)
             Began as a Gargoyle Fighter on May 28, 2016.
             Slain by Sigmund
             ... wielding a +0 scythe
              (9 damage)
             ... on level 2 of the Dungeon.
             The game lasted 00:04:19 (1390 turns).

Lathuz the Cudgeler (Gargoyle Fighter)              Turns: 1390, Time: 00:04:20

Health: 0/28       AC: 13    Str: 19    XL:     4   Next: 37%
Magic:  4/4        EV:  5    Int:  9    God:
Gold:   52         SH:  9    Dex: 10    Spells: 0 memorised, 3 levels left

rFire  . . .     SeeInvis .     a - +0 flail
rCold  . . .     Gourm    .     l - +0 chain mail (curse)
rNeg   + . .     Faith    .     c - +0 shield
rPois  ∞         Spirit   .     (no helmet)
rElec  +         Dismiss  .     (no cloak)
rCorr  .         Reflect  .     b - +0 pair of gloves
SustAt .         Harm     .     (no boots)
MR     .....                    (no amulet)
Stlth  ..........               (no ring)
                                (no ring)

@: not resistant to hostile enchantments, extremely unstealthy
A: negative energy resistance 1, electricity resistance, unbreathing,
petrification resistance, rot immunity, AC +3
a: no special abilities


You were on level 2 of the Dungeon.
You were hungry.

You visited 1 branch of the dungeon, and saw 2 of its levels.

You collected 52 gold pieces.

Inventory:

Hand Weapons
 a - a +0 flail (weapon)
 s - a +4 mace
Missiles
 j - 4 silver tomahawks (quivered)
Armour
 b - a +0 pair of gloves (worn)
 c - a +0 shield (worn)
 l - a cursed +0 chain mail (worn)
 r - a +0 cloak
Jewellery
 m - a cursed ring of loudness {unknown}
 o - a +1 ring of protection {unknown}
Scrolls
 g - a scroll of identify {unknown}
 h - a scroll of fog {unknown}
Potions
 d - a potion of might
 e - a potion of brilliance {unknown}
 i - 2 potions of degeneration {unknown}
 k - a potion of curing {unknown}
 n - a potion of lignification {unknown}
 q - a potion of heal wounds {unknown}
Comestibles
 f - 2 bread rations
 p - a beef jerky
 t - a chunk of flesh


   Skills:
 - Level 3.2 Fighting
 * Level 4.0 Maces & Flails
 - Level 3.2 Armour
 + Level 3.9 Shields


You had 3 spell levels left.
You didn't know any spells.

Dungeon Overview and Level Annotations

Branches:
Dungeon (2/15)

Altars:

Annotations:
D:2 Sigmund


Innate Abilities, Weirdness & Mutations

You are resistant to torment.
Your stone body is resilient (AC +3).
You are immune to poison.
You resist negative energy. (rN+)
You are resistant to electric shocks. (rElec)
You can survive without breathing.
You are immune to petrification.
You are immune to rotting.


Message History

You miss something.
You hear some strange, mumbled words.
Something tries to affect you, but you resist.
Something hits you.
You barely miss something.
You hear some strange, mumbled words.
You are confused.
You're too confused to move!
Something hits you.
You bump into the rock wall.
You bump into the rock wall.
You hear some strange, mumbled words.
Something tries to affect you, but you resist.
You bump into the rock wall.
Something hits you but does no damage.
You bump into the rock wall.
You feel less confused. Something hits you but does no damage.
You closely miss something.
Your shield and chain mail prevent you from hitting something.
Something hits you!
You die...

#.###.###.#)##
####..#.>#
#.##
#........# #.#
####.....# #.#
#.....# #.#
####.### #.#
###....# #.#
#...####
#.########..
##..#
#.†.@{.<....
#..#
##########..
#..#
##..#######
#..........
.(...######
.........
.....####
#...##


There were no monsters in sight!

Vanquished Creatures
  Crazy Yiuf (D:2)
  2 adders (D:2)
  2 dart slugs (D:1)
  A giant gecko (D:2)
  A bat (D:1)
  3 giant cockroaches (D:1)
  4 goblins (D:1)
  5 hobgoblins
  A quokka (D:2)
  3 giant newts
  A kobold (D:1)
  5 rats
29 creatures vanquished.

Notes
Turn   | Place    | Note
--------------------------------------------------------------
     0 | D:1      | Lathuz the Gargoyle Fighter began the quest for the Orb.
     0 | D:1      | Reached XP level 1. HP: 14/14 MP: 1/1
   168 | D:1      | Reached XP level 2. HP: 14/19 MP: 2/2
   329 | D:1      | Reached skill level 3 in Maces & Flails
   658 | D:1      | Reached XP level 3. HP: 20/23 MP: 3/3
   907 | D:2      | Noticed Sigmund
  1103 | D:2      | Noticed Crazy Yiuf
  1109 | D:2      | Killed Crazy Yiuf
  1109 | D:2      | Reached XP level 4. HP: 18/28 MP: 4/4
  1348 | D:2      | Reached skill level 4 in Maces & Flails
  1390 | D:2      | Slain by Sigmund

Vault maps used:
D:1:      dpeg_arrival_connections, hex_medium, minivault_19
D:2:      uniq_sigmund, uniq_crazy_yiuf_cottage, uniq_iyjb

Skill      XL: |  1  2  3  4 |
---------------+-------------+-----
Maces & Flails | 3 4 |  4.0
Fighting       | |  3.2
Armour         | |  3.2
Shields        | |  3.9

Action                   |  1- 3 |  4- 6 || total
-------------------------+-------+-------++-------
Melee: Flail             |    99 |    45 ||   144
Throw: Tomahawk          |     1 |     1 ||     2
  Eat: Chunk             |       |     2 ||     2
Armor: Scale mail        |    21 |       ||    21
       Chain mail        |    26 |    28 ||    54
Dodge: Dodged            |    26 |     5 ||    31
Block: Shield            |    37 |     9 ||    46
